[Event "*** Titled Tuesday Blitz"]
[Site "Chess.com"]
[Date "2020.04.28"]
[Round "7"]
[White "LittlePeasant"]
[Black "druskacik"]
[Result "1/2-1/2"]
[WhiteElo "2756"]
[BlackElo "2573"]
[TimeControl "180+1"]
[EndTime "11:22:15 PDT"]
[Termination "Game drawn by 50-move rule"]

1. Nf3 d5 2. c4 e6 3. b3 Nf6 4. g3 a5 5. Nc3 d4 6. Nb5 Nc6 7.
Bg2 Be7 8. O-O O-O 9. e3 e5 10.
Bb2 Bc5 11. exd4 exd4 12. d3 a4 13. Qc1 Bf5 14. Rd1 Re8 15. Qf4 Qd7 16. Nfxd4 Nxd4 17.
Bxd4 Bxd4 18. Nxd4 Bg4 19. Bxb7 Bxd1 20. Rxd1 Rad8 21. Nc6 Rb8 22. Nxb8 Rxb8 23. Qf3 axb3 24. axb3 c5 25. Bc6 Qd4 26. Bb5 Rd8 27. Re1 Qxd3 28. Qxd3 Rxd3 29. Re5 Rxb3 30. Rxc5 g6 31. Rc7 Kg7 32.
Bc6 Rc3 33. Bb7 Ne8 34. Re7 Nd6 35. Bd5 Nxc4 36. Rxf7+ Kh6 37. Rc7 Rc1+ 38. Kg2 Ne3+ 39. fxe3 Rxc7 40. Kf3 Kg7 41. h4 Kf6 42. g4 h6 43. Be4 g5 44. hxg5+ hxg5 45. Bf5 Ke5 46. Ke2 Rc3 47. Kf3 Ra3 48. Ke2 Ra5 49. Kf3 Ra7 50. Ke2 Ra2+ 51. Kf3 Rb2 52. Kg3 Kd6 53. Kf3 Rb4 54.
Bc8 Ke5 55. Bf5 Ra4 56. Bc8 Ra2 57. Bd7 Ra1 58. Bf5 Rf1+ 59. Ke2 Rg1 60. Kf3 Rh1 61. Kg2 Rc1 62. Kf3 Kd6 63. Bg6 Rf1+ 64. Ke2 Rf6 65. Bf5 Kc5 66. Kd3 Rf8 67. Ke4 Re8+ 68. Kd3 Rd8+ 69. Ke4 Re8+ 70. Kd3 Kd5 71. Bg6 Rb8 72.
Bf7+ Ke5 73. Bg6 Rb3+ 74. Ke2 Ra3 75. Kf3 Kd5 76. Bf7+ Kc5 77. Ke4 Kd6 78. Kf5 Rxe3 79. Kxg5 Ke5 80. Bg6 Rf3 81. Bf5 Rf2 82. Kg6 Rg2 83.
Kg5 Rg1 84. Kg6 Kf4 85. Kf6 Ra1 86. Ke6 Ra6+ 87. Kd5 Ra8 88. Kd6 Rd8+ 89. Ke7 Rd2 90. Kf6 Rd6+ 91. Ke7 Rb6 92. Kd7 Ke5 93. Kc7 Rf6 94. Kd7 Rf7+ 95. Kc6 Re7 96. Bd7 Rg7 97. Bf5 Rg8 98. Kd7 Rh8 99. Kc6 Rh1 100. Kd7 Rd1+ 101. Kc6 Rc1+ 102. Kd7 Ra1 103. Kc6 Ra6+ 104. Kd7 Kd5 105. Kc7 Ra7+ 106. Kb6 Re7 107. Bc8 Re3 108. Bf5 Re2 109. Bd7 Kd6 110. Bf5 Rb2+ 111. Ka5 Kc5 112. Ka4 Kc4 113. Be6+ Kc5 114. Bf5 Rb8 115. Be6 Rb4+ 116. Ka3 Rb6 117. Bf5 Kd4 118. Ka4 Kc4 119. Ka5 Kc5 120. Bd3 Rb4 121. Bf5 Rb6 122. Ka4 Rb4+ 123. Ka5 Rb8 124. Ka4 Kc4 125. Be6+ Kc3 126. Bf5 Rb6 127. Ka5 Rb2 128. Ka4 Kc4 129. Be6+ 1/2-1/2

[Event "*** Titled Tuesday Blitz"]
[Site "Chess.com"]
[Date "2020.04.28"]
[Round "8"]
[White "chessuriel"]
[Black "godsgonnacutudown"]
[Result "0-1"]
[WhiteElo "2208"]
[BlackElo "2347"]
[TimeControl "180+1"]
[EndTime "11:30:09 PDT"]
[Termination "godsgonnacutudown won by resignation"]

1. e4 c6 2. d4 d5 3. Nd2 dxe4 4. Nxe4 Bf5 5. Ng3 Bg6 6. Bc4 e6 7. N1e2 Nf6 8. h4 Nbd7 9. Nf4 Nb6 10. Bb3 c5 11. h5 Be4 12. Nxe4 Nxe4 13. Qe2 Qxd4 14. c3 Nxc3 15. Qb5+ Nxb5 0-1

[Event "*** Titled Tuesday Blitz"]
[Site "Chess.com"]
[Date "2020.04.28"]
[Round "8"]
[White "elohunter1999"]
[Black "Saloni1299"]
[Result "1-0"]
[WhiteElo "2515"]
[BlackElo "2338"]
[TimeControl "180+1"]
[EndTime "11:30:19 PDT"]
[Termination "elohunter1999 won by resignation"]

1. e4 e6 2. d4 d5 3. Nc3 Bb4 4. e5 c5 5. a3 Bxc3+ 6. bxc3 Ne7 7. Qg4 Qc7 8. Qxg7 Rg8 9. Qxh7 cxd4 10. Ne2 Nbc6 11.
f4 dxc3 12. h4 b6 13. Nxc3 Nxe5 14. Nb5 Qc5 15. fxe5 Bd7 16. Nd6+ Kd8 17. Nb7+ 1-0

[Event "*** Titled Tuesday Blitz"]
[Site "Chess.com"]
[Date "2020.04.28"]
[Round "8"]
[White "morfius"]
[Black "LittlePeasant"]
[Result "0-1"]
[WhiteElo "2609"]
[BlackElo "2761"]
[TimeControl "180+1"]
[EndTime "11:30:29 PDT"]
[Termination "LittlePeasant won by resignation"]

1. e4 c5 2. Nf3 e6 3. d4 cxd4 4.
Nxd4 Nc6 5. Nc3 Qc7 6. Be3 a6 7. a3 b5 8. Nxc6 Qxc6 9. Be2 Bb7 10. Bf3 Qc7 11. e5 Rc8 12. O-O Ne7 13. Bxb7 Qxb7 14. Qd3 Nf5 15. Bg5 h6 16. Bh4 Nxh4 0-1

[Event "*** Titled Tuesday Blitz"]
[Site "Chess.com"]
[Date "2020.04.28"]
[Round "8"]
[White "atalz0"]
[Black "AniJak"]
[Result "1-0"]
[WhiteElo "2434"]
[BlackElo "2262"]
[TimeControl "180+1"]
[EndTime "11:30:29 PDT"]
[Termination "atalz0 won by resignation"]

1. d4 d5 2. c4 e6 3. Nc3 Nf6 4. cxd5 exd5 5. Bg5 c6 6. e3 Be7 7. Bd3 O-O 8. Nge2 Nbd7 9. Qc2 Re8 10. O-O Nf8 11. f3 Be6 12. Rad1 Rc8 13. e4 dxe4 14. fxe4 Ng4 15. Bxe7 Qxe7 16. Qd2 Qd8 17. h3 Qe7 18. hxg4 1-0

[Event "*** Titled Tuesday Blitz"]
[Site "Chess.com"]
[Date "2020.04.28"]
[Round "8"]
[White "djogrodek1"]
[Black "adricalderon8"]
[Result "1-0"]
[WhiteElo "2563"]
[BlackElo "2420"]
[TimeControl "180+1"]
[EndTime "11:30:34 PDT"]
[Termination "djogrodek1 won by resignation"]

1. c4 e5 2. g3 Nf6 3. Bg2 h6 4. Nc3 Nc6 5. e3 Bb4 6. Nd5 Bc5 7. Ne2 O-O 8. O-O a6 9. b3 d6 10. Bb2 Re8 11. d4 exd4 12. Nxd4 Ba7 13. Nxc6 bxc6 14. Nxf6+ gxf6 15. Bxc6 Bh3 16. Re1 Re6 17. Qh5 1-0

[Event "*** Titled Tuesday Blitz"]
[Site "Chess.com"]
[Date "2020.04.28"]
[Round "8"]
[White "SummertimeFun"]
[Black "Munkhzul_Turmunkh"]
[Result "0-1"]
[WhiteElo "2332"]
[BlackElo "2521"]
[TimeControl "180+1"]
[EndTime "11:30:40 PDT"]
[Termination "Munkhzul_Turmunkh won by resignation"]

1. d4 Nf6 2. c4 e6 3. Nf3 d5 4. g3 Be7 5. Bg2 O-O 6. O-O dxc4 7. Qc2 a6 8. Qxc4 b5 9. Qc2 Bb7 10. Nbd2 Nbd7 11. b3 c5 12. dxc5 Nxc5 13. Bb2 Rc8 14.
Rad1 Na4 15. Qb1 Nxb2 16. Qxb2 Qb6 17. Rc1 h6 18. Nh4 Nd5 19. Nhf3 Bf6 20. Qb1 Nc3 21.
Qd3 Rfd8 22. Qe3 Qxe3 23. fxe3 Nxe2+ 0-1

[Event "*** Titled Tuesday Blitz"]
[Site "Chess.com"]
[Date "2020.04.28"]
[Round "8"]
[White "tylityli"]
[Black "AminMolaei"]
[Result "0-1"]
[WhiteElo "2330"]
[BlackElo "2514"]
[TimeControl "180+1"]
[EndTime "11:30:47 PDT"]
[Termination "AminMolaei won by resignation"]

1. e4 c5 2. Nf3 g6 3. d4 cxd4 4.
Nxd4 Nc6 5. c3 Bg7 6. Nc2 Nf6 7.
Nd2 d5 8. exd5 Nxd5 9. Bc4 O-O 10. O-O Nb6 11. Be2 Qc7 12. Nc4 Rd8 0-1

[Event "*** Titled Tuesday Blitz"]
[Site "Chess.com"]
[Date "2020.04.28"]
[Round "8"]
[White "Juanovic"]
[Black "isla88"]
[Result "0-1"]
[WhiteElo "2160"]
[BlackElo "2317"]
[TimeControl "180+1"]
[EndTime "11:30:48 PDT"]
[Termination "isla88 won by resignation"]

1. e4 c5 2. Nf3 Nc6 3. Nc3 e5 4.
Bc4 g6 5. d3 h6 6. h4 Bg7 7. h5 g5 8. Nd5 Nge7 9. c3 Nxd5 10. Bxd5 Ne7 11. Bb3 O-O 12. d4 cxd4 13. cxd4 exd4 14.
Nxd4 d5 15. exd5 Nxd5 16. O-O Nf4 17. Be3 Bxd4 18. Bxd4 Qxd4 19. Qxd4 Ne2+ 20. Kh2 Nxd4 21. Bc4 Bg4 0-1

[Event "*** Titled Tuesday Blitz"]
[Site "Chess.com"]
[Date "2020.04.28"]
[Round "8"]
[White "Harsha_Bharathakoti"]
[Black "Superfelix"]
[Result "1-0"]
[WhiteElo "2730"]
[BlackElo "2476"]
[TimeControl "180+1"]
[EndTime "11:30:51 PDT"]
[Termination "Harsha_Bharathakoti won by resignation"]

1. e4 c6 2. Nf3 g6 3. d4 d5 4. Nc3 dxe4 5. Nxe4 Nf6 6. Bd3 Bg7 7. O-O O-O 8. c3 a5 9. a4 Na6 10. Re1 Nc7 11.
Bg5 Ncd5 12. Nxf6+ exf6 13. Bd2 Be6 14. h3 Qd6 15. Nh2 h5 16. Nf1 Rfe8 17. Ng3 f5 18.
Bg5 f6 19. Bd2 f4 20. Ne4 Bf7 21. Nxd6 1-0

[Event "*** Titled Tuesday Blitz"]
[Site "Chess.com"]
[Date "2020.04.28"]
[Round "8"]
[White "bakki78"]
[Black "Mizner"]
[Result "1-0"]
[WhiteElo "2723"]
[BlackElo "2475"]
[TimeControl "180+1"]
[EndTime "11:30:54 PDT"]
[Termination "bakki78 won by resignation"]

1. e4 e6 2. d4 d5 3. Nd2 c5 4.
exd5 Qxd5 5. dxc5 Bxc5 6. Ngf3 Nc6 7. Bc4 Qh5 8. Ne4 Be7 9. Nd6+ Bxd6 10. Qxd6 Nge7 11.
O-O O-O 12. Rd1 Bd7 13. Bg5 1-0

[Event "*** Titled Tuesday Blitz"]
[Site "Chess.com"]
[Date "2020.04.28"]
[Round "8"]
[White "Meri-Arabidze"]
[Black "csati17"]
[Result "1-0"]
[WhiteElo "2621"]
[BlackElo "2459"]
[TimeControl "180+1"]
[EndTime "11:31:04 PDT"]
[Termination "Meri-Arabidze won by resignation"]

1. Nf3 Nf6 2. e3 d5 3. b3 g6 4. Bb2 Bg7 5. Be2 O-O 6. c4 c6 7. O-O Re8 8. d4 Bf5 9. Nbd2 Nbd7 10. Nh4 Be6 11. f4 Bf5 12. g4 Be4 13. g5 Nh5 14.
Nxe4 dxe4 15. Bxh5 gxh5 16. Qxh5 c5 17. Nf5 1-0

[Event "*** Titled Tuesday Blitz"]
[Site "Chess.com"]
[Date "2020.04.28"]
[Round "8"]
[White "BronceYSueno"]
[Black "BasilSmash"]
[Result "0-1"]
[WhiteElo "2256"]
[BlackElo "2438"]
[TimeControl "180+1"]
[EndTime "11:31:17 PDT"]
[Termination "BasilSmash won by resignation"]

1. Nf3 d5 2. c4 e6 3. g3 Nf6 4.
b3 Be7 5. Bb2 O-O 6. Bg2 c6 7.
O-O b6 8. Qc2 Bb7 9. d3 c5 10.
e3 Nc6 11. Nbd2 Rc8 12. Rac1 Qc7 13. Qb1 Qb8 14. Qa1 Rfd8 15. a3 Qa8 16. Rfd1 d4 17. exd4 Nxd4 18. Bxd4 cxd4 19. Bf1 Bxf3 0-1

[Event "*** Titled Tuesday Blitz"]
[Site "Chess.com"]
[Date "2020.04.28"]
[Round "8"]
[White "GodDMuhammad"]
[Black "MaxLeto"]
[Result "0-1"]
[WhiteElo "2202"]
[BlackElo "2365"]
[TimeControl "180+1"]
[EndTime "11:31:27 PDT"]
[Termination "MaxLeto won by resignation"]

1. f4 d5 2. Nf3 c5 3. g3 Nc6 4. d3 g6 5. Bg2 Bg7 6. O-O Nf6 7. c3 O-O 8. Qc2 d4 9. e4 e5 10. fxe5 Ng4 11. cxd4 cxd4 12. Bg5 Qe8 13. Nbd2 h6 14. Bf6 Ne3 15. Qa4 Nxf1 16. Rxf1 Nxe5 17. Bxg7 Nxf3+ 18. Rxf3 Qxa4 19. Bxf8 Kxf8 0-1

[Event "*** Titled Tuesday Blitz"]
[Site "Chess.com"]
[Date "2020.04.28"]
[Round "8"]
[White "Riptide27"]
[Black "Gahan-MG"]
[Result "1-0"]
[WhiteElo "2516"]
[BlackElo "2674"]
[TimeControl "180+1"]
[EndTime "11:31:42 PDT"]
[Termination "Riptide27 won by resignation"]

1. d4 Nf6 2. c4 e5 3. dxe5 Ng4 4. Nf3 Bc5 5. e3 Nc6 6. Nc3 Ngxe5 7. Nxe5 Nxe5 8.
Be2 O-O 9. O-O Re8 10. b3 a5 11. Bb2 Ra6 12. Na4 Ba7 13. c5 Rh6 14. g3 d6 15. Rc1 Bh3 16. Re1 dxc5 17. Qxd8 Rxd8 18. Bxe5 Rd2 19. Rcd1 Rxd1 20. Rxd1 f6 21. Bxc7 Be6 22. Bc4 Bxc4 23. bxc4 Rh5 24. Rd8+ Kf7 25. Ra8 1-0

[Event "*** Titled Tuesday Blitz"]
[Site "Chess.com"]
[Date "2020.04.28"]
[Round "8"]
[White "MartinMatthiesen"]
[Black "TheoSlade"]
[Result "1-0"]
[WhiteElo "2475"]
[BlackElo "2313"]
[TimeControl "180+1"]
[EndTime "11:31:46 PDT"]
[Termination "MartinMatthiesen won by resignation"]

1. d4 Nf6 2. c4 e6 3. Nf3 d5 4. Nc3 Be7 5. Bf4 O-O 6. e3 Nbd7 7. c5 c6 8. h3 b6 9. b4 a5 10. a3 Ba6 11. Bxa6 Rxa6 12. O-O Qc8 13. Qd3 Qb7 14.
Rfc1 axb4 15. axb4 Rfa8 16. Rxa6 Qxa6 17. Qxa6 Rxa6 18.
b5 cxb5 19. c6 Nf8 20. Nxb5 Ra8 21. c7 Rc8 22. Na7 Ra8 23. c8=Q Rxc8 24. Nxc8 b5 25. Nxe7+ Kh8 26. Ng5 1-0

[Event "*** Titled Tuesday Blitz"]
[Site "Chess.com"]
[Date "2020.04.28"]
[Round "8"]
[White "ManuDavid2910"]
[Black "pheonixking2000"]
[Result "0-1"]
[WhiteElo "2650"]
[BlackElo "2819"]
[TimeControl "180+1"]
[EndTime "11:31:48 PDT"]
[Termination "pheonixking2000 won by resignation"]

1. e4 e6 2. Nf3 d5 3. Nc3 Nf6 4. e5 Nfd7 5. d4 c5 6. dxc5 Nc6 7. Bf4 Nxc5 8. Bb5 Be7 9. Nd4 Bd7 10. O-O O-O 11.
Re1 Nxd4 12. Qxd4 a6 13. Bxd7 Qxd7 14. Rad1 Rac8 15. Qe3 Qc6 16. Qg3 Rfd8 17. Bh6 Bf8 18. Bg5 Rd7 19. Rd4 Ne4 20. Nxe4 dxe4 21. Rxd7 Qxd7 22. c3 Qa4 23. a3 Qc2 24. Bc1 Rd8 25.
Qe3 Rd1 26. Kf1 Bc5 0-1

[Event "*** Titled Tuesday Blitz"]
[Site "Chess.com"]
[Date "2020.04.28"]
[Round "8"]
[White "Barcelona_Guy"]
[Black "fastestmindalive"]
[Result "0-1"]
[WhiteElo "2736"]
[BlackElo "2844"]
[TimeControl "180+1"]
[EndTime "11:31:51 PDT"]
[Termination "fastestmindalive won by resignation"]

1. e4 c5 2. Nf3 e6 3. d4 cxd4 4.
Nxd4 Bc5 5. Nb3 Bb6 6. Nc3 Ne7 7. Qe2 O-O 8. Be3 Nbc6 9. O-O-O d5 10. exd5 exd5 11.
Bxb6 Qxb6 12. Kb1 Be6 13. Na4 Qc7 14. Nac5 Bf5 15. g4 Bg6 16. h4 b6 17. h5 bxc5 18. hxg6 c4 19. gxh7+ Kh8 20. Nd4 Nxd4 21. Rxd4 c3 22.
Rh3 Qb6 0-1

[Event "*** Titled Tuesday Blitz"]
[Site "Chess.com"]
[Date "2020.04.28"]
[Round "8"]
[White "maziarbagheri"]
[Black "emperor87"]
[Result "1-0"]
[WhiteElo "2426"]
[BlackElo "2583"]
[TimeControl "180+1"]
[EndTime "11:31:56 PDT"]
[Termination "maziarbagheri won by resignation"]

1. Nf3 d5 2. d4 g6 3. c4 c6 4. Nc3 dxc4 5. a4 Bg7 6. e3 Bg4 7. Bxc4 Nf6 8. Bxf7+ Kxf7 9. Ne5+ Ke8 10. Nxg4 Nbd7 11.
O-O h5 12. Nxf6+ exf6 13. Qb3 Rb8 14. e4 Qe7 15. Re1 g5 16. a5 h4 17. h3 f5 18.
e5 g4 19. Bf4 Nf8 20. d5 gxh3 21. e6 Rd8 22. d6 Rxd6 23. Bxd6 Qxd6 24. Qxb7 Nxe6 25.
Rad1 Qe7 26. Qxc6+ Kf8 27. Rxe6 1-0

[Event "*** Titled Tuesday Blitz"]
[Site "Chess.com"]
[Date "2020.04.28"]
[Round "8"]
[White "Sandstad"]
[Black "jacky72"]
[Result "0-1"]
[WhiteElo "2454"]
[BlackElo "2696"]
[TimeControl "180+1"]
[EndTime "11:32:01 PDT"]
[Termination "jacky72 won by resignation"]

1. d4 Nf6 2. Bf4 g6 3. Nc3 d5 4. e3 Bg7 5. Be2 b6 6. Nf3 c5 7. Ne5 O-O 8. h4 cxd4 9. exd4 Ne4 10. h5 Nxc3 11. bxc3 f6 12. Nd3 Nc6 13. hxg6 hxg6 14.
Qd2 e5 15. Bh6 Qe7 16. dxe5 fxe5 17. Bxg7 Qxg7 18. Qh6 e4 19. Qxg7+ Kxg7 20. Nb4 Nxb4 21. cxb4 a5 22. b5 Be6 23. f3 Rac8 24. Kd2 e3+ 25. Kxe3 Rxc2 26. Rhc1 Rfc8 27. Rxc2 Rxc2 28. a4 d4+ 0-1

[Event "*** Titled Tuesday Blitz"]
[Site "Chess.com"]
[Date "2020.04.28"]
[Round "8"]
[White "Joshukid"]
[Black "grunbergmihai"]
[Result "1-0"]
[WhiteElo "2555"]
[BlackElo "2414"]
[TimeControl "180+1"]
[EndTime "11:32:06 PDT"]
[Termination "Joshukid won by resignation"]

1. Nf3 d5 2. c4 c6 3. g3 Nf6 4.
Bg2 Bg4 5. O-O Nbd7 6. cxd5 cxd5 7. Nc3 e6 8. Qb3 Qb6 9. Qxb6 Nxb6 10. d3 Be7 11. Be3 O-O 12. Nb5 Nfd7 13. h3 Bh5 14. g4 Bg6 15. Rfc1 Rfc8 16. Rxc8+ Rxc8 17. Nxa7 Rc2 18. a4 Rxe2 19. a5 Na8 20. Rc1 Rxe3 21. Rc8+ 1-0

[Event "*** Titled Tuesday Blitz"]
[Site "Chess.com"]
[Date "2020.04.28"]
[Round "8"]
[White "Gabix_94"]
[Black "Lysiak_Poltorak"]
[Result "1-0"]
[WhiteElo "2800"]
[BlackElo "2374"]
[TimeControl "180+1"]
[EndTime "11:32:08 PDT"]
[Termination "Gabix_94 won by resignation"]

1. d4 e6 2. c4 f5 3. g3 Nf6 4. Bg2 Be7 5. Nc3 d6 6. Nf3 O-O 7. O-O Ne4 8. Qc2 Nxc3 9. Qxc3 a5 10. b3 Nc6 11. Bb2 Bf6 12. e3 Qe8 13. Qd2 e5 14.
Rfd1 f4 15. dxe5 dxe5 16. exf4 exf4 17. Bxf6 Rxf6 18. Ng5 Bg4 19. Re1 Qg6 20. Ne4 Rf7 21.
h3 fxg3 22. hxg4 gxf2+ 23. Nxf2 Raf8 24. Bd5 Ne5 25. Rxe5 1-0

[Event "*** Titled Tuesday Blitz"]
[Site "Chess.com"]
[Date "2020.04.28"]
[Round "8"]
[White "thedjoker98"]
[Black "DDTerziev04"]
[Result "1-0"]
[WhiteElo "2517"]
[BlackElo "2341"]
[TimeControl "180+1"]
[EndTime "11:32:09 PDT"]
[Termination "thedjoker98 won by resignation"]

1. d4 d5 2. c4 dxc4 3. Nf3 Nf6 4. e3 e6 5. Bxc4 a6 6. a4 c5 7.
O-O Nc6 8. Nc3 Be7 9. d5 exd5 10.
Nxd5 Nxd5 11. Qxd5 Qxd5 12. Bxd5 Nb4 13. Be4 Be6 14.
Bxb7 Ra7 15. Be4 f5 16. Bb1 Rd7 17. Bd2 a5 18. Bc3 O-O 19. Ne5 Rd6 20. f4 Rfd8 21. e4 Rd1 22. exf5 Rxf1+ 23. Kxf1 Bc4+ 24. Nxc4 Rd1+ 25. Ke2 Rh1 26. f6 1-0

[Event "*** Titled Tuesday Blitz"]
[Site "Chess.com"]
[Date "2020.04.28"]
[Round "8"]
[White "rasmussvane"]
[Black "SirStrateg"]
[Result "1-0"]
[WhiteElo "2846"]
[BlackElo "2598"]
[TimeControl "180+1"]
[EndTime "11:32:18 PDT"]
[Termination "rasmussvane won by checkmate"]

1. Nf3 d6 2. d4 Nf6 3. g3 Nbd7 4.
Bg2 e5 5. O-O c6 6. c4 Be7 7. Nc3 O-O 8. e4 a6 9. a4 a5 10. h3 Re8 11. Be3 Qc7 12. Qc2 Bf8 13. Rfe1 Nb8 14. Rad1 Na6 15. b3 Nb4 16. Qd2 g6 17. c5 exd4 18. Bxd4 Nd7 19. cxd6 Qxd6 20. e5 Qe7 21. Ne4 Nd5 22. Nd6 h6 23. Nxe8 Qxe8 24. e6 fxe6 25. h4 Bb4 26. Qxh6 Bxe1 27. Qg7# 1-0

[Event "*** Titled Tuesday Blitz"]
[Site "Chess.com"]
[Date "2020.04.28"]
[Round "8"]
[White "Soltan49"]
[Black "BeanScreen"]
[Result "0-1"]
[WhiteElo "2432"]
[BlackElo "2577"]
[TimeControl "180+1"]
[EndTime "11:32:21 PDT"]
[Termination "BeanScreen won by resignation"]

1. d4 d5 2. c4 dxc4 3. e3 e5 4.
d5 c6 5. Bxc4 Nf6 6. Nc3 b5 7. Bb3 b4 8. Na4 cxd5 9. Bd2 Bd6 10.
Nf3 O-O 11. h3 Nc6 12. O-O e4 13. Nd4 Ne5 14. Rc1 Qe7 15. Nc6 Nxc6 16. Rxc6 Bd7 17. Rc2 Qe5 18. f4 exf3 19. Qxf3 Bb5 20. Rfc1 Qh2+ 21.
Kf2 Bg3+ 0-1

[Event "*** Titled Tuesday Blitz"]
[Site "Chess.com"]
[Date "2020.04.28"]
[Round "8"]
[White "ferdipy"]
[Black "aa175"]
[Result "0-1"]
[WhiteElo "2280"]
[BlackElo "2445"]
[TimeControl "180+1"]
[EndTime "11:32:23 PDT"]
[Termination "aa175 won by resignation"]

1. e4 c5 2. d4 cxd4 3. c3 Nf6 4. e5 Nd5 5. cxd4 Nc6 6. Nf3 d6 7. h3 g6 8. a3 Bg7 9. exd6 Qxd6 10. Bd3 O-O 11. O-O Be6 12. Nc3 Nxc3 13. bxc3 Na5 14. Qe2 Rac8 15. Bd2 Nb3 16. Rab1 Nxd2 17. Qxd2 Qxa3 18.
Rxb7 Qxc3 19. Rxa7 Qxd2 20. Nxd2 Bxd4 21. Rxe7 Bc5 22. Rxe6 fxe6 23. Bc4 Kf7 24. Nf3 Ke7 25. Re1 Bxf2+ 26. Kxf2 Rxc4 27. Kg3 Rc3 28. Kg4 Rf5 29. Re4 Kf6 30. h4 Rc2 31. g3 h5+ 0-1

[Event "*** Titled Tuesday Blitz"]
[Site "Chess.com"]
[Date "2020.04.28"]
[Round "8"]
[White "theblitzchamp"]
[Black "lolo9292"]
[Result "1-0"]
[WhiteElo "2688"]
[BlackElo "2494"]
[TimeControl "180+1"]
[EndTime "11:32:29 PDT"]
[Termination "theblitzchamp won by checkmate"]

1. d4 Nf6 2. Bf4 g6 3. Nc3 Bg7 4. e4 d6 5. h4 h6 6. Qd2 a6 7. O-O-O b5 8. f3 Bb7 9. Qe3 Nbd7 10. e5 Nd5 11. Nxd5 Bxd5 12. exd6 cxd6 13. Bxd6 Bxa2 14. Re1 Be6 15. d5 exd6 16. dxe6 Nc5 17. exf7+ Kxf7 18. h5 Qf6 19. hxg6+ Kf8 20. c3 b4 21. Rh5 bxc3 22.
Rxc5 cxb2+ 23. Kb1 Qxg6+ 24. Bd3 Qg3 25. Rf5+ Kg8 26.
Qe6+ Kh7 27. Rg5# 1-0

[Event "*** Titled Tuesday Blitz"]
[Site "Chess.com"]
[Date "2020.04.28"]
[Round "8"]
[White "StephenDedalus83"]
[Black "NewBornNow"]
[Result "1-0"]
[WhiteElo "2794"]
[BlackElo "2622"]
[TimeControl "180+1"]
[EndTime "11:32:37 PDT"]
[Termination "StephenDedalus83 won by resignation"]

1. e4 c5 2. Nf3 e6 3. d4 cxd4 4. Nxd4 a6 5. Nc3 d6 6. g3 b5 7. Bg2 Bb7 8. O-O Nf6 9. Re1 Nbd7 10. e5 Bxg2 11. exf6 Bb7 12. Nxe6 fxe6 13. fxg7 Bxg7 14. Rxe6+ Kf7 15. Rxd6 Ne5 16. Qh5+ Kg8 17. Rxd8+ Rxd8 18. Bg5 Nf3+ 19. Kf1 Rf8 20. Rd1 h6 21. Be7 Rc8 22. Nd5 1-0

[Event "*** Titled Tuesday Blitz"]
[Site "Chess.com"]
[Date "2020.04.28"]
[Round "8"]
[White "TheFireChess"]
[Black "Kildepiotr"]
[Result "1-0"]
[WhiteElo "2452"]
[BlackElo "2558"]
[TimeControl "180+1"]
[EndTime "11:32:39 PDT"]
[Termination "TheFireChess won by resignation"]

1. e4 g6 2. d4 Bg7 3. Be3 c6 4. Qd2 d5 5. exd5 cxd5 6. h3 Nc6 7. Nf3 Nf6 8. Bd3 O-O 9. O-O Bf5 10. Bxf5 gxf5 11.
c3 Ne4 12. Qe2 Kh8 13. Nbd2 e6 14. Bf4 Rg8 15. Nxe4 fxe4 16. Ng5 Qf6 17. Qh5 h6 18. Nxf7+ Kh7 19. Be3 Raf8 20. Ng5+ Kh8 21. f3 exf3 22. Rxf3 Qe7 23. Nf7+ Kh7 24. Bxh6 1-0

[Event "*** Titled Tuesday Blitz"]
[Site "Chess.com"]
[Date "2020.04.28"]
[Round "8"]
[White "KinKaiser"]
[Black "VitaliyBernadskiy"]
[Result "1-0"]
[WhiteElo "2575"]
[BlackElo "2700"]
[TimeControl "180+1"]
[EndTime "11:32:40 PDT"]
[Termination "KinKaiser won by resignation"]

1. d4 Nf6 2. Nf3 g6 3. Bf4 Bg7 4. e3 O-O 5. h3 d6 6. Be2 c5 7. c3 cxd4 8. exd4 Nc6 9. O-O Nd5 10. Bh2 e5 11. Na3 e4 12. Nd2 e3 13. Ndc4 Bh6 14. fxe3 Nxe3 15. Nxe3 Bxe3+ 16. Kh1 d5 17. Bf3 Be6 18.
Nb5 Qh4 19. Qe1 Bg5 20. Nc7 Rad8 21. Bg3 Qh6 22. Nxe6 Rfe8 23. Nxd8 Rxe1 24. Raxe1 Bxd8 25. Re8+ Kg7 26. Bxd5 Qg5 27. Rxf7+ Kh6 28. Bf4 1-0

[Event "*** Titled Tuesday Blitz"]
[Site "Chess.com"]
[Date "2020.04.28"]
[Round "8"]
[White "LuckSlayeer"]
[Black "albano87"]
[Result "1-0"]
[WhiteElo "2533"]
[BlackElo "2389"]
[TimeControl "180+1"]
[EndTime "11:32:45 PDT"]
[Termination "LuckSlayeer won by resignation"]

1. Nf3 d5 2. g3 Nf6 3. Bg2 e6 4. O-O Be7 5. b3 O-O 6. Bb2 c5 7. c4 Nc6 8. d3 b6 9. e3 Bb7 10. Ne1 Qd7 11. f4 Rad8 12. Qe2 dxc4 13. bxc4 Nb4 14.
Bxb7 Qxb7 15. a3 Nc6 16. Nd2 Na5 17. Rb1 Rd7 18. Bc3 Nc6 19. g4 Rfd8 20. g5 Ne8 21. Rf3 Bf8 22. Rh3 g6 23. Ne4 Ne7 24. Nxc5 Qc6 25. Nxd7 Rxd7 26. Qf3 Qc7 27. Rxh7 1-0

[Event "*** Titled Tuesday Blitz"]
[Site "Chess.com"]
[Date "2020.04.28"]
[Round "8"]
[White "TudorAnton"]
[Black "SamuelGhimpu2003"]
[Result "0-1"]
[WhiteElo "2521"]
[BlackElo "2694"]
[TimeControl "180+1"]
[EndTime "11:32:48 PDT"]
[Termination "SamuelGhimpu2003 won by resignation"]

1. d4 Nf6 2. Nf3 g6 3. c4 Bg7 4. g3 c6 5. Bg2 d5 6. O-O O-O 7. Nbd2 Bf5 8. b3 Ne4 9. Bb2 Nd7 10. e3 a5 11. Nh4 Nxd2 12. Qxd2 Be6 13. f4 Nf6 14. Rac1 Qd7 15. a4 Bh3 16. Ba3 Bxg2 17. Qxg2 Ne4 18. f5 Bf6 19. Qh3 Rfe8 20. g4 e6 21.
fxg6 hxg6 22. Rxf6 Nxf6 23. Rf1 Ne4 24. Nf3 f6 25. g5 f5 26. Ne5 Qh7 27. Qg3 Kg7 28. Nf3 Nxg3 0-1

[Event "*** Titled Tuesday Blitz"]
[Site "Chess.com"]
[Date "2020.04.28"]
[Round "8"]
[White "VALPARAISO37"]
[Black "Grootneus"]
[Result "1-0"]
[WhiteElo "2358"]
[BlackElo "2189"]
[TimeControl "180+1"]
[EndTime "11:32:59 PDT"]
[Termination "VALPARAISO37 won by resignation"]

1. d4 d5 2. c4 c6 3. Nc3 Nf6 4. e3 e6 5. Nf3 Nbd7 6. Bd3 dxc4 7. Bxc4 b5 8. Be2 Bb7 9. O-O a6 10. e4 Be7 11. e5 Nd5 12. Nxd5 cxd5 13. a4 b4 14. a5 O-O 15. Bd3 Rc8 16. Re1 Nb8 17.
Bb1 Nc6 18. Qd3 g6 19. Bh6 Re8 20. Qe3 Bf8 21. h4 Nxa5 22. Bxf8 Rxf8 23. Qh6 Nb3 24. Ng5 1-0

[Event "*** Titled Tuesday Blitz"]
[Site "Chess.com"]
[Date "2020.04.28"]
[Round "8"]
[White "Richarzard69"]
[Black "MoreChessJulia"]
[Result "1-0"]
[WhiteElo "2244"]
[BlackElo "1784"]
[TimeControl "180+1"]
[EndTime "11:33:01 PDT"]
[Termination "Richarzard69 won by resignation"]

1. Nf3 Nf6 2. c4 c5 3. Nc3 Nc6 4. d4 cxd4 5. Nxd4 e6 6. g3 Bc5 7. Nb3 Bxf2+ 8. Kxf2 Ng4+ 9. Kg1 a5 10. h3 Nge5 11.
Bg2 a4 12. Nd2 Qb6+ 13. Kh2 h5 14. Nde4 Ng4+ 15. hxg4 hxg4+ 16. Bh3 Rxh3+ 17. Kg2 d5 18. cxd5 exd5 19. Nxd5 Qd8 20. Bg5 f6 21. Bf4 Bf5 22. Nd6+ Qxd6 23. Bxd6 Be4+ 24. Kf2 Rxh1 25. Qxh1 Bxh1 26.
Nc7+ Kd7 27. Nxa8 Kxd6 28. Rxh1 1-0